 Dungeon Crawl Stone Soup version 0.21.1-1-g345015fe64 (webtiles) character file.

7 Delanovic the Charlatan (level 1, -2/9 HPs)
             Began as a Spriggan Artificer on May 1, 2018.
             Slain by a frilled lizard (3 damage)
             ... on level 1 of the Dungeon.
             The game lasted 00:01:11 (224 turns).

Delanovic the Charlatan (Spriggan Artificer)         Turns: 224, Time: 00:01:12

Health: -2/9       AC:  2    Str:  8    XL:     1   Next: 91%
Magic:  4/4        EV: 18    Int: 12    God:
Gold:   10         SH:  0    Dex: 16    Spells: 0/0 levels left

rFire    . . .     SeeInvis +   a - +0 short sword
rCold    . . .     Gourm    .   (shield restricted)
rNeg     . . .     Faith    .   b - +0 robe
rPois    .         Spirit   .   (helmet restricted)
rElec    .         Reflect  .   (no cloak)
rCorr    .         Harm     .   (gloves unavailable)
MR       .....                  (boots unavailable)
Stlth    ++........             (no amulet)
HPRegen  0.03/turn              (no ring)
MPRegen  0.09/turn              (no ring)

@: very quick
A: very small, unfitting armour, see invisible, herbivore, speed 3, slow
metabolism 2
a: no special abilities


You were on level 1 of the Dungeon.
You were not hungry.

You visited 1 branch of the dungeon, and saw 1 of its levels.

You collected 10 gold pieces.

Inventory:

Hand Weapons
 a - a +0 short sword (weapon)
Armour
 b - a +0 robe (worn)
Wands
 c - a wand of flame (13)
 d - a wand of enslavement (14)
 e - a wand of random effects (15)
Scrolls
 g - a scroll of identify {unknown}
 h - a scroll of remove curse {unknown}
Potions
 i - 3 potions of brilliance {unknown}
Comestibles
 f - a ration


   Skills:
 - Level 0.7 Fighting
 - Level 1.1 Short Blades
 - Level 3.0 Dodging
 + Level 2.5 Stealth
 + Level 4.3 Evocations


You couldn't memorise any spells.
You didn't know any spells.

Dungeon Overview and Level Annotations

Branches:
Dungeon (1/15)

Altars:


Innate Abilities, Weirdness & Mutations

You are very small and have problems with some larger weapons.
You are too small for most types of armour.
You have supernaturally acute eyesight. (SInv)
You are a herbivore.
You cover ground extremely quickly.
You need consume almost no food.


Message History

The bat hits you but does no damage. The bat closely misses your hobgoblin.
The bat hits your hobgoblin but does no damage.
The frilled lizard closely misses your hobgoblin.
Your hobgoblin hits the bat with a club.
The bat dies!
The frilled lizard bites your hobgoblin.
Your hobgoblin misses the frilled lizard.
The frilled lizard bites your hobgoblin.
Your hobgoblin barely misses the frilled lizard.
The frilled lizard closely misses your hobgoblin.
Your hobgoblin closely misses the frilled lizard.
The frilled lizard bites your hobgoblin.
Your hobgoblin dies!
The frilled lizard barely misses you.
You hit the frilled lizard but do no damage.
The frilled lizard closely misses you.
You barely miss the frilled lizard. The frilled lizard misses you.
You hit the frilled lizard but do no damage.
The frilled lizard bites you.
You die...

.....#
#.............).....†.....
.##..#
#..#####.#.#.#.##.#...#.##
.##..# ##.#
##..........#..## ..
..#..# #..
........####.)##.P♣ .##..#
.. ###.#....(.......P♣
###..# . #.(...(..##..(♣♣♣
#... ... #..^......#....P♣
#..#
.....##)...........#..PP
......l@#.....#.##.#....
.....#####...##.##.##.##
..#. ##..##.##.# .# #
##.##.##.# .. #.##.# .#
.....# .# #.#### .$. ###


You could see a frilled lizard.

Vanquished Creatures
  2 bats (D:1)
  3 goblins (D:1)
  A kobold (D:1)
6 creatures vanquished.

Vanquished Creatures (collateral kills)
  A bat (D:1)
1 creature vanquished.

Vanquished Creatures (others)
  A hobgoblin (D:1)
1 creature vanquished.

Grand Total: 8 creatures vanquished

Notes
Turn   | Place    | Note
-------+----------+-------------------------------------------
     0 | D:1      | Delanovic the Spriggan Artificer began the quest for the Orb.
     0 | D:1      | Reached XP level 1. HP: 9/9 MP: 4/4
   224 | D:1      | Slain by a frilled lizard

Skill      XL: |  1 |
---------------+----+-----
Stealth        | 2 |  2.5
Fighting       | |  0.7
Short Blades   | |  1.1
Dodging        | |  3.0
Evocations     | |  4.3

Action                   || total
-------------------------++-------
Melee: Short sword       ||    26
Evoke: Wand              ||     3
 Stab: Distracted        ||     1
       Sleeping          ||     1
Armor: Robe              ||     7
Dodge: Dodged            ||    28
